 Dungeon Crawl Stone Soup version 0.29.0-10-g45618ea6d2 (webtiles) character file.

Game seed: 8159449286875651477

130 Arum the Ruffian (level 4, -3/35 HPs)
             Began as a Demonspawn Gladiator on Sept 1, 2022.
             Was a Priest of Lugonu.
             Slain by Pargi (6 damage)
             ... in a sewer.
             The game lasted 00:04:36 (3048 turns).

Arum the Ruffian (Demonspawn Gladiator)             Turns: 3048, Time: 00:04:36

Health: -3/35      AC:  5    Str: 17    XL:     4   Next: 90%
Magic:  3/4        EV: 13    Int:  9    God:    Lugonu [***...]
Gold:   86         SH:  0    Dex: 14    Spells: 3/3 levels left

rFire   . . .      SeeInvis .     - Unarmed
rCold   . . .      Faith    .   k - orb {mayhem}
rNeg    . . .      Spirit   .   a - +0 leather armour
rPois   .          Reflect  .   (helmet restricted)
rElec   .          Harm     .   (no cloak)
rCorr   .          Rampage  .   p - +0 pair of gloves
Will    .....      Clarity  +   n - +0 pair of boots
Stlth   +.........              (no amulet)
HPRegen 0.11/turn               (no ring)
MPRegen 0.09/turn               (no ring)

@: mighty, hasted, studying Unarmed Combat, very quick
A: antennae 1, demonic guardian 1, powered by pain 1, clarity, sense
surroundings 1, wild magic 1
a: Renounce Religion, Depart the Abyss, Bend Space, Banish


You were in a sewer.
You worshipped Lugonu.
Lugonu was most pleased with you.
You visited 1 branch of the dungeon, and saw 3 of its levels.
You also visited: Sewer.

You collected 86 gold pieces.

Inventory:

Armour
 a - a +0 leather armour (worn)
 b - a +0 helmet
 k - an orb of mayhem (worn)
 n - a +0 pair of boots (worn)
 p - a +0 pair of gloves (worn)
Scrolls
 g - 2 scrolls of identify
 j - 2 scrolls of enchant armour {unknown}
 l - a scroll of fear {unknown}
 m - a scroll of immolation {unknown}
 o - a scroll of noise {unknown}
 q - a scroll of teleportation


   Skills:
 + Level 3.3 Fighting
 - Level 1.7 Throwing
 + Level 3.6 Dodging
 + Level 3.9 Unarmed Combat


You had 3 spell levels left.
You didn't know any spells.
Your spell library contained the following spells:

 Spells                   Type           Power      Damage    Failure   Level
 Static Discharge         Conj/Air       0%         3-3/arc   67%         2
 Inner Flame              Hex/Fire       0%         N/A       88%         3
 Cause Fear               Hex            0%         N/A       99%         4
 Dispel Undead            Necr           0%         3d6       99%         4
 Sticky Flame             Conj/Fire      0%         2d3       99%         4
 Discord                  Hex            0%         N/A       100%        8


Dungeon Overview and Level Annotations

Branches:
Dungeon (3/15)              Sewer (1/1)

Altars:
Qazlal
Lugonu

Shops:
D:1 *

Annotations:
Sewer Pargi


Innate Abilities, Weirdness & Mutations

You have a pair of small antennae on your head.
A weak demonic guardian rushes to your aid.
You sometimes gain a little power by taking damage.
You possess an exceptional clarity of mind.
You passively map a small area around you.
Your spells are a little harder to cast, but a little more powerful.


Message History

Pargi closely misses you.
You aren't in the Abyss!
Space bends violently around you!
You blink.
Splash!
You fall into the shallow water.
Moving in this stuff is going to be slow.
Your shadow imp splashes around in the water.
Pargi completely misses your shadow imp.
Pargi closely misses your shadow imp.
Pargi claws your shadow imp but does no damage.
Your shadow imp hits Pargi.
Pargi bites your shadow imp.
Pargi claws your shadow imp but does no damage.
Pargi claws your shadow imp.
Your shadow imp closely misses Pargi.
Pargi hisses, "I bite!"
Pargi misses your shadow imp. Pargi claws your shadow imp. x2
Your shadow imp dies!
Your shadow imp disappears in a puff of smoke!
It was a potion of mutation.
You feel extremely strange.
You feel less in control of your magic.
You feel a strange attunement to the structure of the dungeons.
Your thoughts seem clearer.
Unknown command.
You punch Pargi!
Pargi is moderately wounded.
Pargi bites you. Pargi closely misses you. Pargi claws you.
* * * LOW HITPOINT WARNING * * *
You closely miss Pargi.
Pargi is moderately wounded.
You barely miss Pargi.
Pargi is moderately wounded.
Pargi bites you.
* * * LOW HITPOINT WARNING * * *
Pargi barely misses you. Pargi claws you but does no damage.
You closely miss Pargi.
Pargi is moderately wounded.
You punch Pargi!
Pargi is heavily wounded.
Pargi bites you.
You die...

* ###≈≈≈≈≈≈≈≈≈≈≈≈
##≈≈≈≈≈≈≈≈≈≈≈≈≈≈≈
##≈≈≈≈≈≈≈≈≈≈≈≈≈≈≈≈
##≈≈≈≈≈≈≈≈≈≈≈≈≈≈≈≈≈~
~
##≈≈≈≈≈≈≈≈≈≈≈≈≈≈≈≈≈≈
~
##≈≈≈≈≈≈≈≈≈≈≈≈≈≈≈≈≈≈≈
##≈≈≈≈≈≈≈≈≈≈≈≈≈≈≈..≈≈
#≈≈≈≈≈≈≈≈≈@T..≈~~# ~
##≈≈≈≈≈≈≈≈~####(###
##≈≈≈≈≈≈≈≈~.# #~# * ~
##≈≈≈≈≈≈≈≈≈.## #~#
#≈≈≈≈≈≈≈≈≈..# #.#
#≈≈≈≈≈≈≈≈≈.## #.#
#≈≈≈≈≈≈≈≈~## #~#
##≈≈≈≈≈≈≈~# *#.# ~
#≈≈≈≈≈≈≈~## ?.?


You could see Pargi.

Vanquished Creatures
  4 adders
  A river rat (D:3)
  A dart slug (D:1)
  9 ball pythons
  5 endoplasms (D:1)
  4 giant cockroaches
  6 goblins
  7 hobgoblins
  3 quokkas
  9 bats
  5 frilled lizards
  2 kobolds (D:1)
  9 rats
65 creatures vanquished.

Vanquished Creatures (collateral kills)
  2 worms
  A dart slug (D:3)
  2 endoplasms
  A giant cockroach (D:3)
  A kobold (D:2)
  A ball python (D:2)
  A frilled lizard (D:2)
  2 rats
11 creatures vanquished.

Vanquished Creatures (others)
  An endoplasm (D:3)
  4 plants (D:2)
5 creatures vanquished.

Grand Total: 81 creatures vanquished

Notes
Turn   | Place    | Note
-------+----------+-------------------------------------------
     0 | D:1      | Arum the Demonspawn Gladiator began the quest for the Orb.
     0 | D:1      | Reached XP level 1. HP: 16/16 MP: 1/1
   150 | D:1      | Gained mutation: You have a pair of small antennae on your
                  | head. [demonic ancestry]
   150 | D:1      | Reached XP level 2. HP: 12/22 MP: 2/2
   304 | D:1      | Found Ubbyvaip's Assorted Antiques.
   986 | D:1      | Gained mutation: A weak demonic guardian rushes to your
                  | aid. [demonic ancestry]
   986 | D:1      | Reached XP level 3. HP: 27/28 MP: 3/3
  1055 | D:1      | Found a faded altar of an unknown god.
  1202 | D:1      | Prayed at the altar of an unknown god.
  1202 | D:1      | Became a worshipper of Lugonu the Unformed
  1202 | D:1      | Reached * piety under Lugonu
  1202 | D:1      | Reached ** piety under Lugonu
  1865 | D:2      | Found a stormy altar of Qazlal.
  2119 | D:2      | Gained mutation: You sometimes gain a little power by
                  | taking damage. [demonic ancestry]
  2119 | D:2      | Reached XP level 4. HP: 34/35 MP: 4/4
  2133 | D:2      | Identified a scroll of acquirement
  2133 | D:2      | Acquired a manual of Unarmed Combat
  2434 | D:2      | Acquired a manual of Unarmed Combat
  2789 | D:3      | Found a glowing drain.
  2804 | D:3      | Reached *** piety under Lugonu
  2810 | Sewer    | Entered a sewer
  2997 | Sewer    | Noticed Pargi
  3042 | Sewer    | Gained mutation: Your spells are a little harder to cast,
                  | but a little more powerful. [potion of mutation]
  3042 | Sewer    | Gained mutation: You passively map a small area around you.
                  | [potion of mutation]
  3042 | Sewer    | Gained mutation: You possess an exceptional clarity of
                  | mind. [potion of mutation]
  3048 | Sewer    | Slain by Pargi

Illustrated notes

Levels and vault maps discovered:
D:1:      psy_arrival_spokes, layout_basic, shapermc_ecumenical_altar_gd,
          serial_shops, nicolae_square_shop, minmay_misc_feat_x, minivault_25,
          st_stairs_5, minmay_cupped
D:2:      cheibrodos_old_hovel, layout_basic, basic_altar
D:3:      layout_loops_ring, portal_sewer_entry_a
Sewer:    sewer_co_pargi_island

Skill      XL: |  1  2  3 |
---------------+----------+-----
Unarmed Combat | 3 |  3.9
Dodging        | 3 |  3.6
Fighting       | 3 |  3.3
Throwing       | |  1.7

Action                   |  1- 3 |  4- 6 || total
-------------------------+-------+-------++-------
Melee: Unarmed           |   235 |   103 ||   338
       Punch             |     8 |     1 ||     9
Throw: Throwing net      |       |     3 ||     3
       Javelin           |       |     1 ||     1
Invok: Bend Space        |       |     1 ||     1
  Use: Scroll            |       |     5 ||     5
       Potion            |       |     5 ||     5
 Stab: Sleeping          |     2 |     1 ||     3
       Held in net/web   |       |     2 ||     2
Armor: Leather armour    |   106 |    37 ||   143
Dodge: Dodged            |   212 |    68 ||   280
